 Dungeon Crawl Stone Soup version 0.16-a0-3940-gf8a207b (webtiles) character file.

2659 timbw the Cleaver (level 9, 0/102 HPs)
             Began as a Human Berserker on Feb 7, 2015.
             Was a Priest of Trog.
             Slain by Erolcha
             ... wielding a +5 giant club
              (13 damage)
             ... on level 10 of the Dungeon.
             The game lasted 00:16:19 (2947 turns).

timbw the Cleaver (Human Berserker)                 Turns: 2947, Time: 00:16:19

Health: 0/102      AC: 15    Str: 25    XL:     9   Next: 94%
Magic:  9/9        EV:  8    Int:  8    God:    Trog [***...]
Gold:   16         SH:  0    Dex: 13    Spells: 0 memorised, 8 levels left

rFire  . . .     SeeInvis .     a - +0 hand axe
rCold  . . .     Clarity  .     j - +1 plate armour
rNeg   . . .     SustAb   .     (no shield)
rPois  .         Gourm    .     (no helmet)
rElec  .         Spirit   .     (no cloak)
rCorr  .         Warding  .     l - +0 pair of gloves
rMut   .         Stasis   .     t - +0 pair of boots
MR     ++...                    (no amulet)
Stlth  ..........               (no ring)
                                (no ring)

@: berserking, very slightly contaminated, regenerating, hasted, very quick,
very resistant to hostile enchantments, extremely unstealthy
A: no striking features
a: Burn Spellbooks, Berserk, Trog's Hand, Renounce Religion


You were on level 10 of the Dungeon.
You worshipped Trog.
Trog was most pleased with you.
You were not hungry.

You visited 1 branch of the dungeon, and saw 10 of its levels.

You collected 16 gold pieces.

Inventory:

Hand weapons
 a - a +0 hand axe (weapon)
Missiles
 f - 3 javelins of penetration (quivered)
 v - 3 curare-tipped needles
 C - 3 poisoned needles
Armour
 b - a +0 animal skin
 d - a +0 chain mail
 j - a +1 plate armour (worn)
 l - a +0 pair of gloves (worn)
 t - a +0 pair of boots (worn)
Magical devices
 n - a wand of lightning (5)
 q - a wand of lightning (9)
 r - a wand of magic darts (16)
 E - a wand of frost (29)
Scrolls
 c - a scroll of blinking {unknown}
 h - a scroll of amnesia {unknown}
 B - a scroll of remove curse
 F - a scroll of torment
 G - 2 scrolls of identify
Potions
 e - 2 potions of restore abilities
 g - a potion of heal wounds
 i - a potion of flight
 k - a potion of cure mutation
 o - 3 potions of curing
 p - a potion of ambrosia
 u - a potion of might
 x - a potion of haste
 A - a potion of agility {unknown}
 D - 2 potions of cancellation {unknown}
Comestibles
 m - a bread ration
 z - a beef jerky


   Skills:
 + Level 5.2 Fighting
 * Level 11.5 Axes
 + Level 4.7 Armour
 - Level 2.0 Dodging


You had 8 spell levels left.
You didn't know any spells.

Dungeon Overview and Level Annotations

Branches:
Dungeon (10/15)            Temple (0/1) D:4            Lair (0/8) D:9
    Orc: D:9-12

Altars:
Kikubaaqudgha
Vehumet
Zin

Shops:
D:4 *%

Annotations:
D:9 Maurice
D:10 Erolcha


Message History

Your plate armour prevents you from hitting something.
Something hits you.
You slash the two-headed ogre!
You kill the two-headed ogre!
Trog accepts your kill.
You hit something.
Unknown command.
You hit something. You barely miss something. Something hits you.
You slash something! You slash something! Something hits you.
* * * LOW HITPOINT WARNING * * *
You hit something. You hit something but do no damage. You hit something.
Something hits you!!
* * * LOW HITPOINT WARNING * * *
You hit something. You closely miss something. You miss something.
Something hits you!
You die...

. . ....#.%#
.....#..#
.?....#..#
.......#..#
........#..#
#........#..#
#...........###...
#.......{@........
#.......)#........
#........#.......
#?..>.<..#...#...
#........#...# .#
..........#...#
....####..#...#
##. #..#...# #
#..#.


There were no monsters in sight!

Vanquished Creatures
  Joseph (D:8)
  A two-headed ogre (D:10)
  An orc warrior (D:4)
  A sky beast (D:9)
  2 ogres
  3 centaurs
  A giant frog (D:9)
  3 big kobolds
  Blork the orc (D:5)
  A scorpion (D:9)
  6 killer bees
  3 wights (D:8)
  A crimson imp (D:7)
  4 hounds
  2 orc priests (D:8)
  2 iguanas
  2 giant frog skeletons
  A jelly (D:9)
  3 orc wizards
  7 worker ants
  A hound skeleton (D:7)
  A hound zombie (D:5)
  3 adders
  4 gnolls (D:9)
  A giant mite (D:7)
  An adder skeleton (D:8)
  A giant gecko (D:1)
  12 orcs
  3 bats
  2 giant cockroaches
  4 hobgoblins
  4 jackals (D:9)
  18 kobolds
  3 quokkas
  2 giant newts (D:1)
  A jackal zombie (D:5)
  4 rats
111 creatures vanquished.

Notes
Turn   | Place    | Note
--------------------------------------------------------------
     0 | D:1      | timbw, the Human Berserker, began the quest for the Orb.
     0 | D:1      | Reached XP level 1. HP: 18/18 MP: 1/1
   230 | D:1      | Reached XP level 2. HP: 14/24 MP: 2/2
   302 | D:2      | Found an ancient bone altar of Kikubaaqudgha.
   386 | D:4      | Noticed an orc warrior
   394 | D:4      | HP: 1/36 [orc warrior/long sword (16)]
   398 | D:4      | Killed an orc warrior
   398 | D:4      | Reached skill level 5 in Axes
   398 | D:4      | Reached XP level 3. HP: 1/29 MP: 3/3
   398 | D:4      | Reached XP level 4. HP: 1/35 MP: 4/4
   398 | D:4      | Reached XP level 5. HP: 1/41 MP: 5/5
   603 | D:4      | Found a radiant altar of Vehumet.
   672 | D:4      | Found Faforac's Food Shoppe.
   690 | D:4      | Reached skill level 6 in Axes
   757 | D:4      | Reached XP level 6. HP: 47/47 MP: 6/6
   759 | D:4      | Acquired Trog's second power
   889 | D:4      | Found a staircase to the Ecumenical Temple.
   889 | D:4      | Noticed a centaur
   900 | D:4      | Killed a centaur
   901 | D:4      | Found Siutocan's Assorted Antiques.
   986 | D:5      | Entered Level 5 of the Dungeon
   994 | D:5      | Noticed Blork the orc
  1014 | D:5      | Reached skill level 7 in Axes
  1016 | D:5      | Killed Blork the orc
  1016 | D:5      | Reached XP level 7. HP: 52/52 MP: 7/7
  1358 | D:6      | Reached skill level 8 in Axes
  1538 | D:7      | Reached XP level 8. HP: 43/58 MP: 8/8
  1544 | D:7      | Reached skill level 9 in Axes
  1673 | D:8      | Received a gift from Trog
  2024 | D:8      | Reached skill level 10 in Axes
  2041 | D:8      | Found a glowing silver altar of Zin.
  2169 | D:8      | Noticed Joseph
  2195 | D:8      | Killed Joseph
  2195 | D:8      | Reached XP level 9. HP: 50/65 MP: 9/9
  2291 | D:9      | Reached skill level 11 in Axes
  2479 | D:9      | Found a staircase to the Lair.
  2512 | D:9      | Noticed a wandering mushroom
  2555 | D:9      | Noticed Maurice
  2902 | D:9      | Reached skill level 5 in Fighting
  2925 | D:10     | Entered Level 10 of the Dungeon
  2925 | D:10     | Noticed Erolcha
  2947 | D:10     | Slain by Erolcha

Action                   |  1- 3 |  4- 6 |  7- 9 || total
-------------------------+-------+-------+-------++-------
Melee: Hand axe          |    75 |    73 |   438 ||   586
Throw: Javelin           |       |       |     2 ||     2
Invok: Berserk           |     1 |     3 |     8 ||    12
       Trog's Hand       |       |       |     8 ||     8
  Use: Scroll            |       |       |    12 ||    12
       Potion            |       |       |     2 ||     2
  Eat: Bread ration      |       |     1 |     1 ||     2
       Chunk             |       |       |     6 ||     6
       Meat ration       |       |       |     1 ||     1
